[Event "Early-Titled-Tuesday-Blitz-October-10-2023"]
[Site "Chess.com"]
[Date "2023.10.10"]
[Round "8"]
[White "noblerone"]
[Black "LamaChampetre"]
[Result "1-0"]
[WhiteElo "2453"]
[BlackElo "2239"]
[TimeControl "180+1"]
[EndTime "9:26:48 PDT"]
[Termination "noblerone won by checkmate"]

1. d4 Nf6 2. Nf3 g6 3. Bg5 Bg7 4. Nbd2 d6 5. c3 c5 6. dxc5 dxc5 7. e4 Nc6 8. Bc4 O-O 9. Qe2 Qc7 10. h3 a6 11. a4 b6 12. Qe3 Bb7 13. Bh6 Nh5 14. Bxg7 Kxg7 15. g3 Rad8 16. Be2 Nf6 17. O-O Rd7 18.
Rfd1 Rfd8 19. Nf1 Rxd1 20. Rxd1 Rxd1 21. Bxd1 Qd7 22. Bb3 Qxh3 23. N1h2 Na5 24. Bxf7 Nxe4 25. b4 Nb3 26. Bxb3 h5 27. Bc2 Nxg3 28. Qxe7+ Kh6 29.
Qg5+ Kh7 30. Qxg6+ Kh8 31. Qh7# 1-0

[Event "Early-Titled-Tuesday-Blitz-October-10-2023"]
[Site "Chess.com"]
[Date "2023.10.10"]
[Round "8"]
[White "LuisFSiles"]
[Black "DawidCzerw"]
[Result "0-1"]
[WhiteElo "2340"]
[BlackElo "2541"]
[TimeControl "180+1"]
[EndTime "9:26:50 PDT"]
[Termination "DawidCzerw won on time"]

1. d4 Nf6 2. c4 e6 3. Nf3 d5 4. Nc3 c6 5. Bg5 dxc4 6. e4 h6 7. Bh4 b5 8. e5 g5 9. Bg3 Nd5 10. Nd2 Nd7 11. Be2 Qa5 12. Nde4 Bb7 13. Bh5 b4 14. Nxd5 cxd5 15. Nd6+ Bxd6 16. exd6 Nf6 17. Be5 Nxh5 18. Bxh8 Nf4 19. O-O O-O-O 20. Be5 Nd3 21. f4 Nxb2 22. Qh5 Bc6 23. fxg5 hxg5 24. Qxf7 Bd7 25.
Rf6 c3 26. Rxe6 c2 27. Re7 Nd3 28. Rxd7 Rxd7 29. Qg8+ Kb7 30. Qxg5 Qb5 0-1

[Event "Early-Titled-Tuesday-Blitz-October-10-2023"]
[Site "Chess.com"]
[Date "2023.10.10"]
[Round "8"]
[White "attack2mateU"]
[Black "rasmussvane"]
[Result "0-1"]
[WhiteElo "2738"]
[BlackElo "3000"]
[TimeControl "180+1"]
[EndTime "9:26:52 PDT"]
[Termination "rasmussvane won on time"]

1. e4 c6 2. Nc3 d5 3. Nf3 dxe4 4. Nxe4 Nf6 5. Qe2 Nxe4 6. Qxe4 Qa5 7. b4 Qd5 8. Qe3 Bf5 9. c4 Qe4 10. Be2 Qxe3 11.
fxe3 e6 12. a3 Nd7 13. O-O Be7 14. Bb2 O-O 15. Bc3 Bf6 16. d4 c5 17. bxc5 Nxc5 18. Bb4 Nb3 19. Ra2 Rfc8 20. Rb2 a5 21. Rxb3 axb4 22. axb4 Ra2 23. Re1 g5 24. h3 h5 25.
Nh2 Be4 26. c5 g4 27. g3 gxh3 28. Nf3 Rca8 29. Kf2 Rc2 0-1

[Event "Early-Titled-Tuesday-Blitz-October-10-2023"]
[Site "Chess.com"]
[Date "2023.10.10"]
[Round "8"]
[White "Tonychess32"]
[Black "LileKoridze"]
[Result "1-0"]
[WhiteElo "2501"]
[BlackElo "2345"]
[TimeControl "180+1"]
[EndTime "9:26:52 PDT"]
[Termination "Tonychess32 won on time"]

1. e4 c5 2. Nf3 d6 3. c3 Nf6 4. Bd3 g6 5. O-O Bg7 6. Re1 O-O 7. Bc2 a6 8. d4 cxd4 9. cxd4 e6 10. Nc3 Nbd7 11.
Bf4 d5 12. e5 Ne8 13. Qd2 Nc7 14. Rac1 b5 15. Bg5 Qe8 16. Nd1 Bb7 17. Ne3 Rc8 18. Ng4 f5 19. exf6 Nxf6 20. Nxf6+ Bxf6 21. Bxf6 Rxf6 22. Bd3 Qe7 23. Re2 Rcf8 24. Rce1 Bc8 25. Ne5 Qd6 26. g3 Ne8 27. f4 Ng7 28. h4 Nf5 29.
Bxf5 Rxf5 30. Qc3 Qe7 31. Ng4 Qg7 32. Re5 Bd7 33. Rxf5 gxf5 34. Ne5 Be8 35. Kh2 Kh8 36. Rc1 Rg8 37. Qe3 Bh5 38. Rc6 Qe7 39. Nd3 Be8 40.
Qe5+ Qg7 41. Rxe6 1-0

[Event "Early-Titled-Tuesday-Blitz-October-10-2023"]
[Site "Chess.com"]
[Date "2023.10.10"]
[Round "8"]
[White "KatakuriDono"]
[Black "Alenzer"]
[Result "1-0"]
[WhiteElo "2330"]
[BlackElo "2115"]
[TimeControl "180+1"]
[EndTime "9:26:52 PDT"]
[Termination "KatakuriDono won on time"]

1. d4 d5 2. c4 dxc4 3. e4 e5 4. Nf3 Bb4+ 5. Bd2 Bxd2+ 6. Nbxd2 exd4 7. Bxc4 Be6 8. Bxe6 fxe6 9. Nc4 Nf6 10. e5 Nd5 11. Nxd4 Qe7 12. O-O O-O 13. g3 Nd7 14. Rc1 a6 15. a4 c5 16. Nb3 b5 17. axb5 axb5 18. Nd6 Nxe5 19. Nxb5 Nf3+ 20. Kg2 Qg5 21. Rc4 Nf4+ 22.
Rxf4 Rxf4 23. Nc7 Rf6 24. Nxa8 Nh4+ 25. Kh1 Nf3 26. Qd8+ Kf7 27. Nc7 Kg6 28. Qd3+ Kh6 29. Ne8 Rf5 30. Nd6 Rd5 31. Nf7+ 1-0

[Event "Early-Titled-Tuesday-Blitz-October-10-2023"]
[Site "Chess.com"]
[Date "2023.10.10"]
[Round "8"]
[White "Krakozia"]
[Black "ActorXu"]
[Result "0-1"]
[WhiteElo "2981"]
[BlackElo "2753"]
[TimeControl "180+1"]
[EndTime "9:26:53 PDT"]
[Termination "ActorXu won on time"]

1. c4 Nf6 2. Nc3 e6 3. Nf3 d5 4. e3 b6 5. d4 Bb7 6. cxd5 exd5 7. Bb5+ c6 8. Bd3 Bd6 9. O-O Nbd7 10. e4 dxe4 11. Nxe4 Nxe4 12. Bxe4 Nf6 13. Bg5 h6 14.
Bxf6 Qxf6 15. Ne5 O-O 16. f4 Rfd8 17. Qf3 Rac8 18. Rad1 Ba6 19. Rfe1 c5 20. Bd5 Rc7 21. g3 cxd4 22. Ng4 Qf5 23. Be4 Qc8 24. f5 Bc5 25. f6 d3+ 26. Kh1 d2 27. fxg7 dxe1=Q+ 28. Rxe1 Rd6 29. Nf6+ Kxg7 30. Nh5+ Kf8 31. Nf6 Bd4 32. Nd5 Rc1 0-1

[Event "Early-Titled-Tuesday-Blitz-October-10-2023"]
[Site "Chess.com"]
[Date "2023.10.10"]
[Round "8"]
[White "SanchezKelvin"]
[Black "KorolDimitriy75"]
[Result "1-0"]
[WhiteElo "2589"]
[BlackElo "2408"]
[TimeControl "180+1"]
[EndTime "9:26:54 PDT"]
[Termination "SanchezKelvin won on time"]

1. e4 c5 2. Nf3 d6 3. d4 cxd4 4. Nxd4 Nf6 5. Nc3 g6 6. f3 Bg7 7. Be3 O-O 8. Bc4 Nc6 9. h4 Bd7 10. h5 Nxh5 11. g4 Nf6 12. Qd2 Ne5 13. Bb3 Qa5 14.
Bh6 Bxh6 15. Qxh6 Rfc8 16. O-O-O Rxc3 17. g5 Nh5 18. Rxh5 gxh5 19. Rh1 Re3 20. Kd1 Nxf3 21.
Bxf7+ Kh8 22. Nxf3 Bg4 23. Bxh5 Rxf3 24. Bxg4 Rf7 25. Bf5 Raf8 26. g6 Rg7 27. gxh7 Rxf5 28.
Qxg7+ 1-0

[Event "Early-Titled-Tuesday-Blitz-October-10-2023"]
[Site "Chess.com"]
[Date "2023.10.10"]
[Round "8"]
[White "Barmen_EV"]
[Black "rikchessmx"]
[Result "1-0"]
[WhiteElo "2494"]
[BlackElo "2311"]
[TimeControl "180+1"]
[EndTime "9:26:54 PDT"]
[Termination "Barmen_EV won on time"]

1. e4 c5 2. c3 e6 3. d4 d5 4. Nd2 Nc6 5. Ngf3 cxd4 6. cxd4 dxe4 7. Nxe4 Nf6 8. Nc3 Bb4 9. Bd3 O-O 10. O-O b6 11. Bc2 Bb7 12. Qd3 Be7 13. a3 Nb8 14. Bg5 g6 15. Rfe1 Ba6 16. Qd2 Nc6 17. Rad1 Nd5 18.
Nxd5 Qxd5 19. Bxe7 Nxe7 20. Be4 Qd7 21. Bxa8 Rxa8 22. Ne5 Qd5 23. Ng4 Kh8 24. Qf4 Nf5 25. Qe5+ Qxe5 26. dxe5 Bc4 27. Rd7 Kg7 28. Rc1 b5 29. b3 Bxb3 30. Rcc7 Rf8 31. Rxa7 h5 32. Nf6 Nh6 33. h3 Rc8 34. g4 hxg4 35. hxg4 Rf8 36. f4 Bc4 37. Kf2 Bb3 38. Kg3 Bc4 39. Kf2 Bb3 40.
Rab7 Bc4 41. Rdc7 Bd3 42. Ke3 Bc4 43. a4 1-0

[Event "Early-Titled-Tuesday-Blitz-October-10-2023"]
[Site "Chess.com"]
[Date "2023.10.10"]
[Round "8"]
[White "Goi_Manne"]
[Black "KamlaPasand"]
[Result "0-1"]
[WhiteElo "2288"]
[BlackElo "2457"]
[TimeControl "180+1"]
[EndTime "9:26:55 PDT"]
[Termination "KamlaPasand won by resignation"]

1. e4 e5 2. Nf3 Nc6 3. Bc4 Bc5 4. c3 Nf6 5. d3 O-O 6. O-O d6 7. b4 Bb6 8. a4 a6 9. Nbd2 Ne7 10. Re1 Ng6 11. Nf1 Be6 12. Bb3 Ng4 13. Be3 Nxe3 14. Nxe3 Nf4 15. Bc2 Qf6 16. d4 Qg6 17. Nh4 Qg5 18.
Nf3 Qf6 19. a5 Ba7 20. Kh1 g5 21. d5 Bd7 22. Rg1 g4 23. Ne1 h5 24. Qd2 Kg7 25.
Nd3 Rh8 26. Nxf4 exf4 27. Nf5+ Bxf5 28. exf5 Rag8 29. Qxf4 Kf8 30. Rae1 h4 31. g3 hxg3 32. Rxg3 Qh4 33. Rg2 Qf6 34. Reg1 Qxc3 35. Bd1 Rh7 36. Rxg4 Rgh8 37. R4g2 Bd4 38. Be2 Be5 39. Rg8+ Rxg8 40. Rxg8+ Kxg8 41. Qg5+ Bg7 42. f6 Qxf6 43. Qg2 Qa1+ 44.
Bf1 Kh8 45. Kg1 Be5 46. Kh1 Rxh2+ 47. Qxh2+ Bxh2 0-1

[Event "Early-Titled-Tuesday-Blitz-October-10-2023"]
[Site "Chess.com"]
[Date "2023.10.10"]
[Round "8"]
[White "amylazy"]
[Black "ferrufino64"]
[Result "0-1"]
[WhiteElo "2390"]
[BlackElo "2215"]
[TimeControl "180+1"]
[EndTime "9:26:55 PDT"]
[Termination "ferrufino64 won by checkmate"]

1. d4 d5 2. c4 e6 3. Nf3 Nf6 4. g3 Be7 5. Bg2 O-O 6. O-O c6 7. Qc2 b6 8. Rd1 Bb7 9. Bf4 Nbd7 10. Ne5 Rc8 11. Nc3 a6 12. Nxd7 Qxd7 13. e4 dxc4 14. Bg5 Rfd8 15. Bxf6 Bxf6 16. e5 Be7 17. Ne4 b5 18. Nc5 Qc7 19. Qe4 Qb6 20. Qe3 a5 21. Rac1 Ba6 22. b3 cxb3 23. axb3 b4 24. Na4 Qb7 25. Nc5 Qb6 26. Qe4 Bb5 27. h4 h6 28.
Qg4 Ra8 29. Be4 a4 30. bxa4 Bxa4 31. Nxa4 Rxa4 32. Rxc6 Qa7 33. Bc2 b3 34. Bxb3 Raxd4 35. Rxd4 Rxd4 36. Qe2 Qd7 37. Qc2 g6 38. Kh2 Bf8 39. Rc7 Qd8 40. Rc8 Qa5 41. Qc1 Kg7 42.
Rc7 Qxe5 43. Qc2 Qd6 44. Qc3 e5 45. Rxf7+ Kh8 46. Qf3 Bg7 47. Qa8+ Qd8 48. Qa7 Rxh4+ 49. gxh4 Qxh4+ 50. Kg1 Qg5+ 51. Kf1 Qc1+ 52. Kg2 Qg5+ 53.
Kf3 e4+ 54. Ke2 Qb5+ 55. Ke1 Bc3+ 56. Kd1 Qd3+ 57. Kc1 Qd2+ 58. Kb1 Qb2# 0-1

[Event "Early-Titled-Tuesday-Blitz-October-10-2023"]
[Site "Chess.com"]
[Date "2023.10.10"]
[Round "8"]
[White "valemava"]
[Black "FERNANDEZL1983"]
[Result "1-0"]
[WhiteElo "2306"]
[BlackElo "2504"]
[TimeControl "180+1"]
[EndTime "9:26:56 PDT"]
[Termination "valemava won by checkmate"]

1. Nf3 Nf6 2. c4 g6 3. b3 Bg7 4.
Bb2 O-O 5. g3 d6 6. d4 c6 7. Bg2 Bf5 8. Nh4 Be6 9. Nd2 d5 10.
O-O a5 11. e4 a4 12. e5 Nfd7 13. cxd5 Bxd5 14. Nhf3 Na6 15. Re1 Nb4 16. Ne4 axb3 17.
axb3 Rxa1 18. Bxa1 Qa5 19. Nc3 e6 20. Nxd5 cxd5 21.
Bc3 Qb6 22. Qd2 Nc6 23. b4 Na7 24. Bf1 Rc8 25. Ra1 Nb5 26. Bb2 h6 27. h4 Na7 28. h5 g5 29. Nh2 Nc6 30. Bc3 Ne7 31. Bd3 Nf5 32. Bxf5 exf5 33. g4 Qe6 34. f3 Nb6 35.
Qd3 f4 36. Be1 Bf8 37. Ra7 Rc1 38. Kf2 Qc8 39. Nf1 Qc6 40. b5 Qc8 41. Qf5 Rc2+ 42. Bd2 Qc4 43. Rxb7 Qxd4+ 44. Kg2 Rxd2+ 45. Nxd2 Nd7 46. Rxd7 Be7 47. Rxe7 Qxd2+ 48. Kh3 Qh2+ 49. Kxh2 Kf8 50. Qxf7# 1-0

[Event "Early-Titled-Tuesday-Blitz-October-10-2023"]
[Site "Chess.com"]
[Date "2023.10.10"]
[Round "8"]
[White "TatjanaVasilevich"]
[Black "krzyzan94"]
[Result "1-0"]
[WhiteElo "2620"]
[BlackElo "2769"]
[TimeControl "180+1"]
[EndTime "9:26:58 PDT"]
[Termination "TatjanaVasilevich won on time"]

1. Nf3 d5 2. b3 Nf6 3. Bb2 g6 4. g3 Bg7 5. Bg2 O-O 6. O-O c5 7. d4 cxd4 8. Bxd4 Nc6 9. Bb2 Bf5 10. Nbd2 Rc8 11. c4 d4 12. a3 a5 13. b4 axb4 14. axb4 d3 15. Qb3 dxe2 16. Rfe1 Qd3 17. Qa4 Ne4 18. Ra3 Qd6 19. Bxg7 Kxg7 20. c5 Qd5 21.
Rxe2 Nxd2 22. Rxd2 Qe6 23. b5 Ne5 24. Qd4 f6 25.
Re3 Rfd8 26. Qxd8 Rxd8 27. Rxd8 Qc4 28. h3 Qxc5 29. Nxe5 fxe5 30. Rd5 Qc1+ 31. Kh2 e4 32. Bxe4 e6 33. Rd7+ Kf6 34. Bxf5 exf5 35. Rxb7 Qd2 36. Rb6+ Kg5 37. Kg2 Qd5+ 38. Kh2 Qd2 39. Rf3 Qe2 40. Rf4 Kh6 41. Rb7 1-0

[Event "Early-Titled-Tuesday-Blitz-October-10-2023"]
[Site "Chess.com"]
[Date "2023.10.10"]
[Round "8"]
[White "chessfatbear"]
[Black "karwowskikacper"]
[Result "1-0"]
[WhiteElo "2808"]
[BlackElo "2546"]
[TimeControl "180+1"]
[EndTime "9:26:58 PDT"]
[Termination "chessfatbear won by resignation"]

1. e4 c5 2. Nf3 e6 3. d4 cxd4 4. Nxd4 Nf6 5. Nc3 Nc6 6. Ndb5 Bb4 7. a3 Bxc3+ 8. Nxc3 d5 9. Bd3 O-O 10. O-O d4 11.
Ne2 e5 12. Ng3 Be6 13. h3 Rc8 14. b4 a6 15. f4 exf4 16. Bxf4 Nd7 17. Qh5 g6 18.
Qh6 Nce5 19. Nf5 Bxf5 20. exf5 Nxd3 21. cxd3 Qf6 22. Bg5 Qg7 23. Qh4 f6 24. Bh6 g5 25.
Bxg7 gxh4 26. Bxf8 Rxf8 27. Rf4 Ne5 28. Rxd4 Rc8 29.
Ra2 Rc1+ 30. Kf2 Rc3 31. Ke3 Kf7 32. a4 Rb3 33. a5 Ke7 34. Rc2 Nc6 35. Rxh4 Nxb4 36.
Rxh7+ Kd6 37. Ke4 Nd5 38. Rc4 Rb2 39. Rd4 Re2+ 40. Kf3 Rb2 41. Rf7 Ke5 42. Rxd5+ Kxd5 43. Rxf6 Ke5 44. Rf8 Rb5 45. g4 Rxa5 46. g5 Ra1 47. Kg4 Rg1+ 48. Kh5 a5 49. Kg6 a4 50. f6 b5 51. f7 Rf1 52. Rb8 Kd4 53. Rxb5 1-0

[Event "Early-Titled-Tuesday-Blitz-October-10-2023"]
[Site "Chess.com"]
[Date "2023.10.10"]
[Round "8"]
[White "jaskol95"]
[Black "motivated_bishop"]
[Result "0-1"]
[WhiteElo "2580"]
[BlackElo "2492"]
[TimeControl "180+1"]
[EndTime "9:26:59 PDT"]
[Termination "motivated_bishop won by checkmate"]

1. e4 e5 2. Nf3 Nc6 3. Bc4 Bc5 4.
c3 Nf6 5. d4 exd4 6. cxd4 Bb4+ 7.
Kf1 Nxe4 8. d5 Ne7 9. Qd4 Nf6 10. Bg5 O-O 11. Bd3 Nexd5 12. Nc3 Bxc3 13. bxc3 d6 14. Re1 h6 15. h4 c5 16. Qc4 b5 17. Qxb5 Bd7 18.
Qc4 Qa5 19. Bxf6 Nxf6 20. Qf4 Qxc3 21. Qxd6 Rad8 22. Be2 Bb5 23. Qe5 Bxe2+ 24. Qxe2 Rfe8 25. Ne5 Rd2 26. Qb5 Qd4 27. Re2 Rd1+ 28. Re1 Rxe1+ 29. Kxe1 Rxe5+ 30. Kf1 Qd1# 0-1

[Event "Early-Titled-Tuesday-Blitz-October-10-2023"]
[Site "Chess.com"]
[Date "2023.10.10"]
[Round "8"]
[White "cukin84"]
[Black "Shivananda1964"]
[Result "0-1"]
[WhiteElo "2205"]
[BlackElo "2407"]
[TimeControl "180+1"]
[EndTime "9:27:00 PDT"]
[Termination "Shivananda1964 won by resignation"]

1. e4 e5 2. Nf3 Nc6 3. c3 Nf6 4. d4 exd4 5. e5 Nd5 6. cxd4 d6 7.
Bb5 a6 8. Bxc6+ bxc6 9. O-O Be7 10. Nc3 Be6 11. Ne4 O-O 12. b3 a5 13. Bd2 Bf5 14. Qe2 Re8 15. Rac1 Bd7 16. Qd3 h6 17. h3 a4 18. b4 Bf8 19. g4 Qc8 20. Ng3 g6 21. a3 Bg7 22. Rfe1 Qb7 23. Ne4 Re6 24. Nc3 Nxc3 25. Bxc3 Rae8 26. Red1 c5 27. d5 R6e7 28.
exd6 cxd6 29. Bxg7 Kxg7 30. bxc5 dxc5 31. Qc3+ Kg8 32.
Qxc5 Qa6 33. Qc4 Bb5 34. Qf4 Be2 35. Re1 Re4 36. Qxh6 Bxf3 37. Rxe4 Bxe4 38. d6 Qxd6 39. Re1 Qd3 40. Kh2 Qf3 41. Rg1 Qxf2+ 0-1

[Event "Early-Titled-Tuesday-Blitz-October-10-2023"]
[Site "Chess.com"]
[Date "2023.10.10"]
[Round "8"]
[White "angryspacevoid"]
[Black "BeanScreen"]
[Result "0-1"]
[WhiteElo "2520"]
[BlackElo "2719"]
[TimeControl "180+1"]
[EndTime "9:27:01 PDT"]
[Termination "BeanScreen won by checkmate"]

1. e4 e5 2. Nf3 Nc6 3. d4 exd4 4. Nxd4 Bc5 5. Nb3 Bb6 6. Nc3 Nf6 7. Qe2 O-O 8. Be3 d5 9. Bxb6 axb6 10. O-O-O d4 11.
Kb1 Be6 12. Nb5 Bxb3 13. cxb3 Re8 14. f3 Ra5 15. Qc4 Qe7 16. g4 Ne5 17. Qxc7 Nxf3 18.
Qxb6 Qxe4+ 19. Bd3 Nd2+ 20. Kc2 Rc8+ 21. Nc7 Qe5 22. Kxd2 Rxc7 23. Bc4 Qe3+ 24. Kc2 Qe4+ 25. Kd2 Rxa2 26. Rb1 Qe3+ 27. Kc2 Qc3+ 28. Kd1 Qf3+ 29.
Kd2 Qe3+ 30. Kc2 Ne4 31. Qb4 Qe2+ 32. Kc1 d3 33. Rd1 Qc2# 0-1

[Event "Early-Titled-Tuesday-Blitz-October-10-2023"]
[Site "Chess.com"]
[Date "2023.10.10"]
[Round "8"]
[White "Byniolus"]
[Black "ChessTankMan"]
[Result "1-0"]
[WhiteElo "2733"]
[BlackElo "2529"]
[TimeControl "180+1"]
[EndTime "9:27:02 PDT"]
[Termination "Byniolus won by resignation"]

1. d4 Nf6 2. Nf3 e6 3. Bf4 c5 4.
c3 Nc6 5. e3 d5 6. Nbd2 Bd6 7.
Bg3 O-O 8. Bd3 Qe7 9. Ne5 Nd7 10. Nxc6 bxc6 11. Qa4 Bb7 12. Bxd6 Qxd6 13. Qa3 Rfd8 14. Nb3 e5 15. Nxc5 Nxc5 16. Qxc5 Qxc5 17. dxc5 e4 18. Be2 Kf8 19. b4 a6 20. Kd2 Ke7 21. c4 dxc4+ 22.
Kc3 Bc8 23. Bxc4 Bg4 24. h3 Be6 25. Rhd1 h5 26. Rxd8 Rxd8 27. Bxa6 Ra8 28. Bc4 Bxc4 29. Kxc4 Ra3 30. Kd4 f5 31. Ke5 g6 32. h4 Ra4 33.
a3 Ra8 34. a4 Rd8 35. a5 Rd5+ 36. Kf4 Rd2 37. Kg3 Rb2 38. a6 f4+ 39. exf4 Rb3+ 40. Kh2 e3 41. fxe3 Ke6 42. a7 Ra3 43. Rxa3 1-0

[Event "Early-Titled-Tuesday-Blitz-October-10-2023"]
[Site "Chess.com"]
[Date "2023.10.10"]
[Round "8"]
[White "dosto07"]
[Black "inagreV"]
[Result "1/2-1/2"]
[WhiteElo "2514"]
[BlackElo "2306"]
[TimeControl "180+1"]
[EndTime "9:27:02 PDT"]
[Termination "Game drawn by repetition"]

1. e4 c6 2. d4 d5 3. Nc3 dxe4 4. Nxe4 Nf6 5. Nxf6+ exf6 6. c3 Bd6 7. Bd3 O-O 8. Ne2 Re8 9. Qc2 h5 10. h3 h4 11. O-O Nd7 12. Bd2 Nf8 13. Kh1 Bc7 14.
Rae1 Be6 15. Bf4 g5 16. Bxc7 Qxc7 17. f4 c5 18. fxg5 fxg5 19. Qd2 Qd8 20. dxc5 Bc4 21. Nd4 Bxd3 22. Qxd3 Ng6 23. Qc4 Qd7 24. Nf3 Rxe1 25. Rxe1 Qf5 26. c6 bxc6 27. Qxc6 Rd8 28. Qe4 Qf6 29.
Qg4 Rd5 30. Re8+ Kg7 31. Nd4 Re5 32. Rxe5 Nxe5 33. Nf5+ Kg6 34. Nxh4+ Kh6 35. Nf5+ Kg6 36.
Nh4+ Kh6 37. Nf5+ Kg6 38. Nh4+ 1/2-1/2

[Event "Early-Titled-Tuesday-Blitz-October-10-2023"]
[Site "Chess.com"]
[Date "2023.10.10"]
[Round "8"]
[White "DanyKopy"]
[Black "HanSchut"]
[Result "1-0"]
[WhiteElo "2552"]
[BlackElo "2345"]
[TimeControl "180+1"]
[EndTime "9:27:02 PDT"]
[Termination "DanyKopy won by checkmate"]

1. e4 c5 2. Nf3 d6 3. d4 cxd4 4. Nxd4 Nf6 5. Nc3 a6 6. Be3 e5 7. Nf3 Qc7 8. a4 Be6 9. a5 Nbd7 10. Be2 Be7 11. O-O O-O 12. h3 Rac8 13. Nh4 Nxe4 14. Nxe4 Bxh4 15. Nxd6 Rcd8 16. Ne4 Nc5 17. Nxc5 Rxd1 18. Rfxd1 Bc8 19. c3 Be7 20. Nd3 Rd8 21. Bb6 Qc6 22. Bxd8 Bxd8 23. Nxe5 Qc7 24. Bf3 Bf6 25. Nd3 g6 26. Nb4 Be6 27. Nd5 Bxd5 28. Rxd5 Kg7 29. Rad1 h5 30. Rd7 Qxa5 31. Rxb7 Be5 32.
Bd5 Qa4 33. Rxf7+ Kh6 34. Bf3 g5 35. Re1 Kg6 36. Re7 Bf4 37. R1e6+ Kf5 38. g4+ hxg4 39. hxg4# 1-0

[Event "Early-Titled-Tuesday-Blitz-October-10-2023"]
[Site "Chess.com"]
[Date "2023.10.10"]
[Round "8"]
[White "fastestmindalive"]
[Black "DeArron_Fox"]
[Result "1-0"]
[WhiteElo "2734"]
[BlackElo "2527"]
[TimeControl "180+1"]
[EndTime "9:27:04 PDT"]
[Termination "fastestmindalive won by checkmate"]

1. e4 c5 2. Nc3 e6 3. d4 cxd4 4. Qxd4 Nc6 5. Qe3 Nf6 6. Nf3 Qc7 7. h3 d5 8. exd5 Nb4 9. Bb5+ Bd7 10. O-O Nbxd5 11.
Bxd7+ Qxd7 12. Nxd5 Nxd5 13. Qg5 f6 14. Qh5+ Qf7 15. Qg4 Be7 16. c4 Nb4 17. Rd1 Nc6 18. a3 Rd8 19. Be3 O-O 20. b4 e5 21. Rxd8 Rxd8 22.
Nh4 Bf8 23. Nf5 Kh8 24. b5 Na5 25. c5 Nb3 26. Rd1 Rxd1+ 27. Qxd1 Nxc5 28. Nd6 Bxd6 29.
Qxd6 Ne6 30. Qb8+ Qf8 31. Qxb7 h6 32. Qxa7 Qd6 33. b6 Qd1+ 34. Kh2 Nd4 35. b7 Ne2 36. b8=Q+ Kh7 37. f3 Qe1 38. Bf2 Qf1 39. Qe3 Nf4 40.
Qe4+ g6 41. Qeb7# 1-0

[Event "Early-Titled-Tuesday-Blitz-October-10-2023"]
[Site "Chess.com"]
[Date "2023.10.10"]
[Round "8"]
[White "N4700000"]
[Black "SchachmattTV_Tobi"]
[Result "1-0"]
[WhiteElo "2445"]
[BlackElo "2582"]
[TimeControl "180+1"]
[EndTime "9:27:06 PDT"]
[Termination "N4700000 won on time"]

1. d4 d5 2. Nc3 Nf6 3. Bf4 a6 4. e3 b5 5. Nf3 Bb7 6. Ne5 e6 7.
g4 c5 8. Bg2 Nc6 9. Nxc6 Bxc6 10.
g5 Nd7 11. h4 Nb6 12. O-O Bd6 13. dxc5 Bxc5 14. Be5 O-O 15. Ne2 Nc4 16. Bd4 Bxd4 17. Qxd4 e5 18. Qc3 a5 19. a3 Qe7 20. b3 b4 21. axb4 axb4 22. Qd3 Nb6 23. Ng3 Qc5 24. Rfd1 Bb5 25. Qd2 Rxa1 26. Rxa1 Rc8 27. Ra5 g6 28. Bf1 Qxc2 29. Qxc2 Rxc2 30. Rxb5 Nc8 31. Rxb4 Nd6 32. Rb6 Ne4 33. Nxe4 dxe4 34. Bc4 Kg7 35. Rb7 1-0

[Event "Early-Titled-Tuesday-Blitz-October-10-2023"]
[Site "Chess.com"]
[Date "2023.10.10"]
[Round "8"]
[White "TregubovP"]
[Black "Pawnpusher1245"]
[Result "1-0"]
[WhiteElo "2591"]
[BlackElo "2389"]
[TimeControl "180+1"]
[EndTime "9:27:06 PDT"]
[Termination "TregubovP won on time"]

1. e4 c5 2. Nf3 d6 3. Bb5+ Nd7 4. Ba4 Nf6 5. O-O e6 6. Re1 Be7 7.
c3 O-O 8. d4 cxd4 9. cxd4 b6 10. Nc3 Bb7 11. Bf4 a6 12. Bb3 Rc8 13. e5 dxe5 14. dxe5 Nh5 15. Be3 Nc5 16. Qxd8 Rfxd8 17. Red1 g6 18. Ne1 Ng7 19. g4 h5 20. h3 hxg4 21.
hxg4 Ne8 22. Bc2 Nc7 23. Bxc5 Bxc5 24. Be4 Bxe4 25. Nxe4 Nd5 26. Rac1 Be7 27. Nd3 a5 28. Kf1 Kg7 29. Ke2 g5 30. Rh1 Rh8 31. Rxh8 Rxh8 32. Nc3 Nf4+ 33. Nxf4 gxf4 34. Ne4 Rh4 35. Kf3 Rh8 36.
Kxf4 Rd8 37. Rc7 1-0

[Event "Early-Titled-Tuesday-Blitz-October-10-2023"]
[Site "Chess.com"]
[Date "2023.10.10"]
[Round "8"]
[White "Herzog2012"]
[Black "Alex_Sahakyan2006"]
[Result "0-1"]
[WhiteElo "2513"]
[BlackElo "2718"]
[TimeControl "180+1"]
[EndTime "9:27:09 PDT"]
[Termination "Alex_Sahakyan2006 won on time"]

1. e4 c5 2. Nf3 Nc6 3. d4 cxd4 4.
Nxd4 Qb6 5. Nb3 Nf6 6. Nc3 e6 7. Be3 Qc7 8. Bd3 Ne5 9. h3 a6 10. Qe2 b5 11. f4 Nxd3+ 12. cxd3 d6 13. O-O Be7 14. Rac1 Qb7 15. Qf3 O-O 16. f5 exf5 17. exf5 Qxf3 18. Rxf3 Bb7 19. Rf2 Rac8 20. Na5 Ba8 21.
Rfc2 h5 22. Bg5 Bd8 23. Nb3 Re8 24. Bxf6 Bxf6 25. Nd5 Rxc2 26. Nxf6+ gxf6 27. Rxc2 Bd5 28. Kf2 h4 29. Nd4 Kg7 30. b3 Rb8 31. b4 Kh6 32.
Nf3 Ra8 33. Nxh4 Kg5 34. Nf3+ Kxf5 35. Nd4+ Ke5 36. Nc6+ Ke6 37. a3 Kd7 38. Na5 Rh8 39. Re2 f5 40. Rc2 f4 41. d4 Rg8 42. Kf1 Rg3 43. Rf2 f3 44. gxf3 Rxh3 45. f4 Rxa3 46. Re2 Rxa5 47. bxa5 Bc4 48. Kf2 Bxe2 49. Kxe2 Ke6 50.
Ke3 Kd5 51. f5 Kc4 0-1

[Event "Early-Titled-Tuesday-Blitz-October-10-2023"]
[Site "Chess.com"]
[Date "2023.10.10"]
[Round "8"]
[White "Austen48"]
[Black "JuniorJumper"]
[Result "0-1"]
[WhiteElo "2266"]
[BlackElo "2583"]
[TimeControl "180+1"]
[EndTime "9:27:09 PDT"]
[Termination "JuniorJumper won by resignation"]

1. d4 d5 2. c4 e6 3. Nc3 c6 4.
Nf3 dxc4 5. a4 Bb4 6. e3 b5 7.
Be2 a5 8. O-O Nf6 9. Ne5 O-O 10.
Bf3 Nd5 11. Qc2 f6 12. Nxc6 Nxc6 13. Nxb5 Ba6 14. Qxc4 Qd7 15. e4 Nb6 16. Qd3 Ne5 17. Qe2 Nxf3+ 18. Qxf3 Bxb5 19. axb5 Qxd4 20. Be3 Qd6 21.
Rfd1 Qb8 22. Rac1 Rd8 23. h4 Rxd1+ 24. Rxd1 Nc4 25. Qh3 Nxe3 26. Qxe6+ Kh8 27. fxe3 Qxb5 28. h5 Qxh5 29. Rd7 Re8 30. Qc6 Qe5 31. Qb7 Rg8 32. b3 Qa1+ 33. Kh2 Bd6+ 34. e5 Qxe5+ 35. Kg1 Qxe3+ 36. Kf1 Qf4+ 37. Ke2 Re8+ 38. Kd1 Qf1+ 0-1

[Event "Early-Titled-Tuesday-Blitz-October-10-2023"]
[Site "Chess.com"]
[Date "2023.10.10"]
[Round "8"]
[White "ozates"]
[Black "Sadykov_Ramil"]
[Result "1-0"]
[WhiteElo "2769"]
[BlackElo "2619"]
[TimeControl "180+1"]
[EndTime "9:27:10 PDT"]
[Termination "ozates won by checkmate"]

1. e4 e6 2. d4 d5 3. Nd2 Be7 4. Bd3 c5 5. dxc5 Nf6 6. Qe2 Nc6 7. c3 a5 8. Ngf3 Bxc5 9. O-O a4 10. e5 Nd7 11.
Re1 O-O 12. h4 f6 13. exf6 Nxf6 14. c4 h6 15. cxd5 exd5 16. Nf1 Bg4 17. Be3 Nd4 18.
Bxd4 Bxd4 19. N1h2 Qb6 20. Rad1 Qxb2 21. Nxg4 Nxg4 22.
Qe6+ Kh8 23. Qxg4 Bxf2+ 24. Kh1 Bxe1 25. Qg6 Kg8 26. Rxe1 Qc3 27. Qh7+ Kf7 28. Ne5+ Ke6 29. Qg6+ Rf6 30. Qg4+ Kd6 31. Qg3 Kc5 32. Nd7+ Kd4 33. Qe5+ Kxd3 34. Re3+ Kd2 35. Qxc3+ Kd1 36. Re1# 1-0

[Event "Early-Titled-Tuesday-Blitz-October-10-2023"]
[Site "Chess.com"]
[Date "2023.10.10"]
[Round "8"]
[White "RianKapriaga"]
[Black "howitzer14"]
[Result "0-1"]
[WhiteElo "2306"]
[BlackElo "3006"]
[TimeControl "180+1"]
[EndTime "9:27:12 PDT"]
[Termination "howitzer14 won on time"]

1. d4 f5 2. Nc3 Nf6 3. Bg5 d5 4. e3 Nbd7 5. Nf3 c6 6. Ne2 Ne4 7. Bf4 g6 8. Ne5 Bg7 9. Nxd7 Bxd7 10. Nc1 g5 11. Bg3 h5 12. Nd3 h4 13. Be5 Bf6 14. Be2 Qb6 15. Bh5+ Kf8 16. Be2 Kg7 17. O-O Rad8 18. a4 a5 19. f3 Nd6 20. Ra3 Bc8 21.
Rb3 Qa7 22. Kh1 Nc4 23. Bxf6+ exf6 24. Nc5 b6 25. Ne4 fxe4 26. fxe4 Rde8 27. e5 fxe5 28. e4 Rhf8 29. Bxc4 dxc4 30. Rbf3 Bg4 31. dxe5 Bxf3 32.
gxf3 Qe7 33. f4 Rxf4 34. Rxf4 gxf4 35. Qg4+ Kh6 0-1